 Dungeon Crawl Stone Soup version 0.28.0-53-g5a82cb258f (webtiles) character file.

Game seed: 11995341843189743259

112737 sanboga the Severer (level 16, 0/107 HPs)
             Began as a Gargoyle Fighter on June 2, 2022.
             Was a High Priest of Trog.
             Blown up by an orb spider (52 damage)
             ... with an orb of destruction
             ... on level 1 of the Spider Nest on June 10, 2022.
             The game lasted 00:36:27 (29240 turns).

sanboga the Severer (Gargoyle Fighter)             Turns: 29240, Time: 00:36:28

Health: 0/107      AC: 52    Str: 29    XL:     16   Next: 61%
Magic:  16/16      EV:  8    Int: 12    God:    Trog [*****.]
Gold:   1705       SH: 12    Dex:  9    Spells: 15/15 levels left

rFire   . . .      SeeInvis +   A - +9 war axe of Change {freeze, Str+2}
rCold   + + .      Faith    .   c - +0 buckler
rNeg    + . .      Spirit   .   i - +9 plate armour of the Past {rPois rC++ Int+2}
rPois   ∞          Reflect  +   B - +2 helmet {SInv}
rElec   +          Harm     .   G - +1 cloak
rCorr   .          Rampage  .   d - +1 pair of gloves
Will    ++...                   H - +0 pair of boots
Stlth   ..........              N - amulet of reflection
HPRegen 0.27/turn               v - +4 ring of protection
MPRegen 0.15/turn               p - ring of willpower

@: on berserk cooldown, flying, slowed, studying Crossbows, very slow
A: sickness immunity, AC +12, big wings, negative energy resistance 1,
electricity resistance, torment resistance 1, petrification resistance
a: Renounce Religion, Berserk, Trog's Hand, Brothers in Arms


You were on level 1 of the Spider Nest.
You worshipped Trog.
Trog was extremely pleased with you.
You visited 5 branches of the dungeon, and saw 25 of its levels.
You also visited: Bailey.

You collected 4023 gold pieces.
You spent 2318 gold pieces at shops.

Inventory:

Hand Weapons
 a - a +0 broad axe
 b - a +0 hand axe of flaming
 A - the +9 war axe of Change (weapon) {freeze, Str+2}
   (You found it on level 8 of the Dungeon)

   It freezes those it strikes, dealing additional cold damage.
   It can also slow down cold-blooded creatures.
   Str:       It affects your strength (+2).
Armour
 c - a +0 buckler (worn)
 d - a +1 pair of gloves (worn)
 i - the +9 plate armour of the Past (worn) {rPois rC++ Int+2}
   (You bought it in a shop on level 11 of the Dungeon)

   Int:       It affects your intelligence (+2).
   rC:        It greatly protects you from cold.
   rPois:     It protects you from poison.
 B - a +2 helmet of see invisible (worn)
 G - a +1 cloak (worn)
 H - a +0 pair of boots (worn)
Jewellery
 o - a ring of protection from cold
 p - a ring of willpower (right hand)
 v - a +4 ring of protection (left hand)
 E - a ring of fire
 N - an amulet of reflection (around neck)
Wands
 e - a wand of digging (10)
 g - a wand of flame (60)
 k - a wand of charming (4)
 x - a wand of mindburst (19)
 z - a wand of iceblast (16)
 C - a wand of polymorph (13)
 J - a wand of acid (5)
 L - a wand of paralysis (5)
Scrolls
 f - 3 scrolls of magic mapping
 h - 4 scrolls of enchant armour
 m - 6 scrolls of fog
 n - 5 scrolls of enchant weapon
 q - 2 scrolls of fear
 s - 9 scrolls of teleportation
 t - a scroll of blinking
 u - a scroll of summoning
 y - 3 scrolls of holy word
 D - 5 scrolls of identify
Potions
 j - 7 potions of curing
 l - 6 potions of heal wounds
 r - 6 potions of haste
 w - 2 potions of invisibility
 F - 4 potions of ambrosia
 I - a potion of mutation
 K - a potion of might
 M - a potion of resistance


   Skills:
 + Level 14.9 Fighting
 * Level 17.2 Axes
 + Level 14.9 Armour
 + Level 14.8 Shields


You had 15 spell levels left.
You didn't know any spells.
Your spell library contained the following spells:

 Spells                   Type           Power      Damage    Failure   Level
 Foxfire                  Conj/Fire      0%         2x1d4     91%         1
 Magic Dart               Conj           0%         1d3       91%         1
 Call Imp                 Summ           0%         N/A       97%         2
 Conjure Flame            Conj/Fire      0%         6-21      100%        3
 Inner Flame              Hex/Fire       0%         N/A       100%        3
 Mephitic Cloud           Conj/Pois/Air  0%         N/A       100%        3
 Flame Wave               Conj/Fire      0%         2d4       100%        4


Dungeon Overview and Level Annotations

Branches:
Dungeon (15/15)            Temple (1/1) D:5            Lair (6/6) D:9
 Shoals (0/4) Lair:3       Spider (1/4) Lair:3        Slime (0/5) Lair:5
    Orc (2/2) D:12            Elf (0/3) Orc:2        Vaults (0/5) D:13
 Depths (0/4) D:15         Bailey (visited)

Altars:
Ashenzari
Cheibriados
Dithmenos
Elyvilon
Fedhas
Hepliaklqana
Kikubaaqudgha
Makhleb
Okawaru
Ru
Trog
Wu Jian
Zin
The Shining One
Beogh
Jiyva

Shops:
D:4 =[(?=   D:6 (   D:9 *   D:11 *   Orc:2 (=[*


Innate Abilities, Weirdness & Mutations

You are immune to sickness and miasma.
Your stone body is resilient. (AC +12)
You are immune to poison.
Your large and strong wings let you fly.
You resist negative energy. (rN+)
You are resistant to electric shocks. (rElec)
You are resistant to unholy torment.
You are immune to petrification.


Message History

You are too injured to fight recklessly!
You are too injured to fight recklessly!
You are too injured to fight recklessly!
You are too injured to fight recklessly!
You are too injured to fight recklessly!
You are too injured to fight recklessly!
A red film seems to cover your vision as you go berserk!
You feel yourself moving faster!
You feel mighty!
You block the emperor scorpion's attack.
The emperor scorpion claws you but does no damage. x2
You slice the emperor scorpion!! You freeze the emperor scorpion!
The emperor scorpion is heavily wounded.
The emperor scorpion stings you but does no damage.
The emperor scorpion claws you but does no damage.
You block the emperor scorpion's attack.
You slice the emperor scorpion!! You freeze the emperor scorpion.
The emperor scorpion is severely wounded.
You slash the emperor scorpion! You freeze the emperor scorpion.
The emperor scorpion is severely wounded.
The emperor scorpion barely misses you.
You block the emperor scorpion's attack.
The emperor scorpion claws you but does no damage.
You slice the emperor scorpion!! You freeze the emperor scorpion!
You kill the emperor scorpion!
Trog accepts your kill.
You feel a strong urge to attack something.
The orb spider weaves a glowing orb of energy.
An orb of destruction comes into view.
You see here a potion of ambrosia.
You feel your anger nearly subside.
You are no longer berserk.
You are exhausted.
You feel yourself slow down.
The orb spider begins to weave its threads into a brightly glowing ball.
The orb of destruction reflects off an invisible shield around you!
The orb spider weaves a glowing orb of energy.
An orb of destruction comes into view.
The orb spider pulsates with a strange energy.
There is a crawl-hole back to the Lair here.
The orb of destruction hits you!!!
You die...

###........#.#
...>.........#
.....#..#.°.##.#.
####.†s.....#....
#.#.†!..........#
#.....†!.#...####
##.[°°..†#.......
##.°°...†...#^...?
#@☼.##^.###.#...##
#†....##...###...#
##..###......s..##
...## #./....#....
#... #.(###......
###.| #†.# #.#..
.. #.... ## ..
...##...# . ##...#


You could see an orb spider (charged).

Vanquished Creatures
  Rupert (D:15)
  Kirke (D:15)
  Roxanne (D:15)
  An emperor scorpion (Spider:1)
  2 orc warlords
  Azrael (D:15)
  The ghost of Ukav Olo the Envoy of Void, a journeyman DsAK of Lugonu (Lair:3)
  A fire dragon (Lair:6)
  A boulder beetle (D:12)
  9 hydras
  3 vault guards
  An ogre mage (Orc:1)
  16 two-headed ogres
  A catoblepas (Lair:6)
  4 centaur warriors
  6 death yaks (Lair:6)
  A tengu warrior (D:14)
  6 orc high priests
  Sonja (Lair:2)
  A sun moth (Lair:3)
  2 skeletal warriors (D:15)
  A swamp dragon (Lair:6)
  2 orb spiders (Spider:1)
  A golden dragon zombie (D:15)
  A steelbarb worm (Lair:3)
  A flayed ghost (D:15)
  2 wizards
  A necromancer (D:15)
  A wolf spider (Spider:1)
  A deep elf pyromancer (D:14)
  5 orc knights
  3 orc sorcerers
  5 cyclopes
  14 ugly things
  A sphinx skeleton (D:15)
  5 manticores
  11 elephants
  8 black mambas
  13 cane toads
  2 centaur zombies (D:11)
  A gargoyle (D:13)
  A freezing wraith (D:15)
  An unseen horror (shapeshifter) (D:14)
  2 efreet (D:14)
  12 komodo dragons
  2 kobold demonologists
  6 rime drakes
  A tengu conjurer (D:14)
  A demonic crawler (Lair:3)
  7 trolls
  6 meliai
  3 polar bears
  A wolf spider simulacrum (D:12)
  A queen bee (Lair:3)
  2 hornets
  2 tarantellas
  Prince Ribbit (Bailey)
  5 slime creatures
  12 blink frogs
  An ettin zombie (D:15)
  A spriggan zombie (D:15)
  3 shadows
  6 wyverns
  A wraith (D:11)
  3 fire elementals (D:15)
  62 yaks
  A culicivora (Lair:3)
  4 hogs (D:15)
  6 humans (Bailey)
  2 basilisks
  5 steam dragons
  4 redbacks (Spider:1)
  2 wargs (Orc:1)
  2 vampire mosquitoes (D:14)
  12 water moccasins
  3 hell hounds (D:15)
  48 orc warriors
  2 swamp drakes (Lair:6)
  5 black bears
  An ice beast (D:8)
  A sky beast (D:7)
  18 wolves
  A hornet zombie (D:7)
  11 ogres
  3 necrophages
  A phantom (D:6)
  14 centaurs
  4 kobold brigands
  21 bullfrogs
  A gnoll sergeant (D:10)
  A wyvern zombie (D:7)
  2 scorpions
  A water moccasin zombie (D:6)
  32 killer bees
  14 wights
  4 howler monkeys
  4 electric eels
  A jelly (D:7)
  9 orc priests
  3 hounds
  Crazy Yiuf (D:4)
  2 centaur skeletons
  26 orc wizards
  3 iguanas
  5 hell rats (Lair:3)
  A hound zombie (D:5)
  3 gnolls (D:10)
  5 adders
  A shadow imp (D:6)
  2 white imps
  3 ufetubi
  2 worms
  4 dart slugs
  81 orcs
  5 endoplasms
  9 giant cockroaches
  10 goblins
  8 hobgoblins
  32 kobolds
  5 quokkas
  2 ball pythons
  5 bats
  5 frilled lizards
  23 rats
  A spectral orc (D:6)
  3 toadstools (D:2)
773 creatures vanquished.

Vanquished Creatures (others)
  A cyclops (D:15)
  A vampire (D:13)
  An orc wizard (D:4)
  38 fungi
  74 plants
  2 toadstools (D:2)
  A withered plant (D:15)
118 creatures vanquished.

Grand Total: 891 creatures vanquished

Notes
Turn   | Place    | Note
-------+----------+-------------------------------------------
     0 | D:1      | sanboga the Gargoyle Fighter began the quest for the Orb.
     0 | D:1      | Reached XP level 1. HP: 14/14 MP: 1/1
    87 | D:1      | Reached skill level 2 in Axes
   116 | D:1      | Found a faded altar of an unknown god.
   147 | D:1      | Reached XP level 2. HP: 12/19 MP: 2/2
  1019 | D:2      | Reached XP level 3. HP: 21/23 MP: 3/3
  1194 | D:2      | Reached XP level 4. HP: 29/29 MP: 4/4
  1500 | D:2      | Reached skill level 3 in Axes
  2016 | D:3      | Identified the +7 dagger of Fiduoqy {holy, rPois rN+ Dex+5
                  | Stlth-}
  2093 | D:3      | Found a sacrificial altar of Ru.
  2510 | D:4      | Found Axoashab's Antique Weapon Boutique.
  2523 | D:4      | Found a blossoming altar of Fedhas.
  2565 | D:4      | Reached XP level 5. HP: 11/33 MP: 5/5
  2622 | D:4      | Noticed an orc warrior
  2654 | D:4      | Found Posmaj's Magic Scroll Shoppe.
  2657 | D:4      | Bought a scroll of enchant weapon for 97 gold pieces
  2804 | D:4      | Found a shadowy altar of Dithmenos.
  2840 | D:4      | Found Ythronk's Armour Shop.
  3126 | D:4      | Killed an orc warrior
  3127 | D:4      | Reached skill level 4 in Axes
  3127 | D:4      | Reached XP level 6. HP: 39/39 MP: 6/6
  3371 | D:4      | Found Kapop's Jewellery Boutique.
  3583 | D:4      | Reached XP level 7. HP: 37/44 MP: 7/7
  3801 | D:4      | Bought a scroll of magic mapping for 45 gold pieces
  3801 | D:4      | Bought 3 scrolls of identify for 78 gold pieces
  3841 | D:4      | Found Leum's Jewellery Emporium.
  4088 | D:4      | Found a runed translucent door.
  4089 | D:4      | Noticed Crazy Yiuf
  4097 | D:4      | Killed Crazy Yiuf
  4254 | D:5      | Entered Level 5 of the Dungeon
  4313 | D:5      | Found an ornate altar of the Wu Jian Council.
  4531 | D:5      | Reached skill level 5 in Fighting
  4531 | D:5      | Reached skill level 5 in Armour
  4531 | D:5      | Reached skill level 5 in Shields
  4740 | D:5      | Reached skill level 5 in Axes
  4819 | D:4      | Bought a scroll of fear for 45 gold pieces
  4912 | D:5      | Found a staircase to the Ecumenical Temple.
  4945 | Temple   | Entered the Ecumenical Temple
  4997 | Temple   | Became a worshipper of Trog the Wrathful
  5366 | D:6      | Found Ejat's Antique Weapon Emporium.
  5377 | D:6      | Reached XP level 8. HP: 49/50 MP: 8/8
  5446 | D:6      | Found a hazy altar of Hepliaklqana.
  5499 | D:6      | Reached skill level 6 in Axes
  5919 | D:6      | Reached XP level 9. HP: 56/56 MP: 9/9
  6176 | D:6      | Reached skill level 7 in Axes
  6331 | D:6      | Found a broken altar of Ashenzari.
  6335 | D:6      | Reached * piety under Trog
  6721 | D:6      | Bought a broad axe for 76 gold pieces
  7109 | D:7      | Noticed a two-headed ogre
  7256 | D:7      | Found a burning altar of Makhleb.
  7461 | D:7      | Killed a two-headed ogre
  7462 | D:7      | Reached skill level 8 in Axes
  7462 | D:7      | Reached XP level 10. HP: 40/63 MP: 10/10
  7720 | D:6      | Bought a runed hand axe for 114 gold pieces
  7782 | D:7      | Reached ** piety under Trog
  8395 | D:8      | Found a flagged portal.
  8404 | Bailey   | Entered a bailey
  8664 | Bailey   | Reached skill level 9 in Axes
  9223 | Bailey   | Noticed a vault guard
  9237 | Bailey   | Killed a vault guard
  9289 | Bailey   | Noticed a vault guard
  9289 | Bailey   | Noticed Prince Ribbit
  9307 | Bailey   | Killed a vault guard
  9308 | Bailey   | Reached XP level 11. HP: 57/69 MP: 11/11
  9321 | Bailey   | Killed Prince Ribbit
  9667 | D:8      | Reached skill level 10 in Axes
  9851 | D:8      | Found a transporter.
  9928 | D:8      | Reached *** piety under Trog
 10088 | D:8      | Identified the +9 war axe of Change {freeze, Str+2}
 10133 | D:8      | Found a transporter.
 10789 | D:9      | Found a staircase to the Lair.
 11029 | D:9      | Found Ockoivuc's General Store.
 11035 | D:9      | Bought a potion of degeneration for 13 gold pieces
 11051 | D:9      | Found a glowing silver altar of Zin.
 11051 | D:9      | Found a faded altar of an unknown god.
 11059 | D:9      | Found a glowing golden altar of the Shining One.
 11061 | D:9      | Found an iron altar of Okawaru.
 11063 | D:9      | Found a faded altar of an unknown god.
 11217 | D:9      | Noticed a two-headed ogre
 11227 | D:9      | Killed a two-headed ogre
 11610 | D:10     | Entered Level 10 of the Dungeon
 11690 | D:10     | Reached **** piety under Trog
 11701 | D:10     | Found a snail-covered altar of Cheibriados.
 11983 | D:10     | Noticed a two-headed ogre
 11989 | D:10     | Killed a two-headed ogre
 12329 | D:11     | Reached skill level 11 in Axes
 12603 | D:11     | Noticed a cyclops
 12611 | D:11     | Killed a cyclops
 12618 | D:11     | Noticed a cyan ugly thing
 12628 | D:11     | Killed a cyan ugly thing
 12629 | D:11     | Reached skill level 10 in Fighting
 12629 | D:11     | Reached XP level 12. HP: 65/77 MP: 12/12
 12841 | D:11     | Reached skill level 10 in Armour
 12841 | D:11     | Reached skill level 10 in Shields
 12867 | D:11     | Found Duef's Assorted Antiques.
 12875 | D:11     | Bought an amethyst potion for 20 gold pieces
 13661 | D:12     | Noticed a boulder beetle
 13688 | D:12     | Killed a boulder beetle
 13768 | D:12     | Noticed a two-headed ogre
 13777 | D:12     | Killed a two-headed ogre
 13821 | D:12     | Noticed an eight-headed hydra
 13836 | D:12     | Killed a three-headed hydra
 14082 | D:12     | Noticed a two-headed ogre
 14087 | D:12     | Killed a two-headed ogre
 14088 | D:12     | Reached skill level 12 in Axes
 14254 | D:12     | Found a staircase to the Orcish Mines.
 14362 | D:11     | Bought a jewelled plate armour for 644 gold pieces
 14362 | D:11     | Identified the +9 plate armour of the Past {rPois rC++
                  | Int+2} (You bought it in a shop on level 11 of the Dungeon)
 14693 | D:13     | Found a white marble altar of Elyvilon.
 14823 | D:13     | Noticed a five-headed hydra
 14834 | D:13     | Killed a one-headed hydra
 15122 | D:13     | Noticed a two-headed ogre
 15127 | D:13     | Killed a two-headed ogre
 15352 | D:13     | Noticed a centaur warrior
 15363 | D:13     | Killed a centaur warrior
 15364 | D:13     | Reached XP level 13. HP: 73/84 MP: 13/13
 15451 | D:13     | Noticed a vault guard
 15472 | D:13     | Killed a vault guard
 15473 | D:13     | Reached skill level 13 in Axes
 15518 | D:13     | Found a gate to the Vaults.
 16585 | D:14     | Reached ***** piety under Trog
 17249 | D:15     | Entered Level 15 of the Dungeon
 17250 | D:15     | Noticed Rupert
 17369 | D:15     | Killed Rupert
 17906 | D:15     | Noticed Azrael
 17922 | D:15     | Reached skill level 14 in Axes
 17924 | D:15     | Killed Azrael
 17925 | D:15     | Gained mutation: Your large and strong wings let you fly.
                  | [Gargoyle growth]
 17925 | D:15     | Reached XP level 14. HP: 60/92 MP: 14/14
 18538 | D:15     | Found a staircase to the Depths.
 18651 | D:15     | Noticed Kirke
 18666 | D:15     | Killed Kirke
 18903 | D:15     | Noticed Roxanne
 18933 | D:15     | Killed Roxanne
 19388 | Lair:1   | Entered Level 1 of the Lair of Beasts
 20517 | Lair:2   | Noticed Sonja
 20536 | Lair:2   | Killed Sonja
 20622 | Lair:2   | Reached skill level 15 in Axes
 20637 | Lair:2   | Identified the +6 morningstar of Fusirurch {flame, Stlth+}
                  | (Trog gifted it to you on level 2 of the Lair of Beasts)
 20637 | Lair:2   | Received a gift from Trog
 21136 | Lair:3   | Found a hole to the Spider Nest.
 21520 | Lair:3   | Found a staircase to the Shoals.
 21707 | Lair:3   | You are sucked into a shaft and drop 2 floors!
 21775 | Lair:5   | Reached XP level 15. HP: 63/99 MP: 15/15
 22477 | Lair:5   | Found a staircase to the Slime Pits.
 22477 | Lair:5   | Found a viscous altar of Jiyva.
 22796 | Lair:6   | Entered Level 6 of the Lair of Beasts
 23289 | Lair:3   | Found a runed translucent gate.
 23289 | Lair:3   | Found a runed translucent gate.
 23289 | Lair:3   | Found a runed translucent gate.
 23294 | Lair:3   | Noticed Ukav Olo's ghost (journeyman DsAK)
 23307 | Lair:3   | Killed Ukav Olo's ghost
 24439 | Lair:6   | Reached skill level 16 in Axes
 24801 | Lair:6   | Received a gift from Trog
 25828 | Orc:1    | Entered Level 1 of the Orcish Mines
 25847 | Orc:1    | Reached XP level 16. HP: 85/107 MP: 16/16
 26658 | Orc:2    | Entered Level 2 of the Orcish Mines
 26686 | Orc:2    | Found a staircase to the Elven Halls.
 26695 | Orc:2    | Found Xuvuest's Antique Weapon Emporium.
 26709 | Orc:2    | Identified the +11 morningstar "Onuorgh" {vorpal, rCorr}
                  | (Trog gifted it to you on level 2 of the Orcish Mines)
 26709 | Orc:2    | Received a gift from Trog
 27231 | Orc:2    | Reached skill level 17 in Axes
 27238 | Orc:2    | Found Pus Famn's Antique Armour Boutique.
 27369 | Orc:2    | Found Lutonwess's Jewellery Shoppe.
 27378 | Orc:2    | Bought an amulet of reflection for 510 gold pieces
 27527 | Orc:2    | Found Inehikk's General Store.
 27546 | Orc:2    | Bought a scroll of acquirement for 676 gold pieces
 27716 | Orc:2    | Acquired 1298 gold pieces
 27976 | Spider:1 | Entered Level 1 of the Spider Nest
 27982 | Lair:3   | Received a gift from Trog
 29240 | Spider:1 | Blown up by an orb spider

Illustrated notes

Levels and vault maps discovered:
D:1:      evilmike_arrival_home_sweet_home, layout_rooms,
          basic_ecumenical_altar, kennysheep_pointless_box, minmay_tromino_v4_c
D:2:      minmay_recursive_quarters, layout_rooms, serial_park_tiny_1,
          st_stairs_3, grunt_decor_fettered, corexii_shack,
          minmay_gold_behind_fungi, minmay_rat_hole
D:3:      layout_basic, nicolae_ru_sacrificial_ziggurat
D:4:      layout_layer_cave, nicolae_dithmenos_the_darkroom,
          mainiacjoe_overflow_paths, serial_shops, shop_statue,
          nicolae_stop_n_shop_1, nicolae_stop_n_shop_2, shop, shop_statue,
          guppyfry_early_orc_mine, uniq_crazy_yiuf_cottage
D:5:      layout_loops_cross, nzn_wu_jian_contemplation, temple_fountains
D:6:      layout_rooms, mainiacjoe_overflow_24_doors,
          nicolae_hepliaklqana_monster_ancestors, serial_shops,
          nicolae_square_shop, kennysheep_potato
D:7:      kennysheep_kobold_camp, layout_cave_pools,
          mainiacjoe_overflow_alcove_4, minmay_holes
D:8:      gammafunk_beogh_shrine, layout_basic, enter_bailey_1
D:9:      layout_loops_ring, chequers_temple_overflow_minitemple,
          lair_entry_dummy, serial_shops, shop
D:10:     layout_rooms, cheibrodos_worm_habitat
D:11:     layout_cave_pods, serial_shops, nicolae_diamond_shop
D:12:     minmay_curly_fans, layout_cross, hiddenorc1_lemuel
D:13:     layout_loops_ring, david_vaults_5, elyvilon_altar_1
D:14:     layout_roguey
D:15:     gammafunk_depths_entry_grave, layout_gridville, minivault_23,
          chequers_serial_rivers_micro_c, nicolae_figureground_pulse,
          uniq_azrael, uniq_roxanne, uniq_kirke, uniq_rupert
Temple:   minmay_temple_curvy_loop
Lair:1:   layout_gridlike, nicolae_quartered_pool_medium, st_stairs_4
Lair:2:   layout_regular_city, minivault_11, uniq_sonja
Lair:3:   layout_gridlike, minmay_shoals_entry_centaurs, dummy_spider_entry,
          ebering_ghost_rock_garden
Lair:4:   layout_gridlike, hangedman_lair_unloving_vines, grunt_megastairs_5,
          serial_bayou_shore_a
Lair:5:   layout_regular_city, slime_altar_1, grunt_megastairs_4
Lair:6:   guppyfry_lair_end_dragon, layout_long_grid, grunt_megastairs_2,
          serial_bayou_shore_b
Spider:1: layout_spider_delve, special_room [special_room_bee], drop_trap
Orc:1:    layout_diamond_mine, nicolae_orc_lava_tube
Orc:2:    grunt_orc_gardens, layout_diamond_mine, grunt_orc_garden,
          grunt_orc_garden, grunt_orc_garden, grunt_orc_garden

Skill      XL: |  1  2  3  4  5  6  7  8  9 10 11 12 13 14 15 16 |
---------------+-------------------------------------------------+-----
Axes           | 2 3 4 5 6 8 9 11 12 14 15 16 17 | 17.2
Shields        | 4 5 6 7 8 9 11 12 13 14 | 14.8
Fighting       | 4 5 6 7 8 10 11 12 13 14 | 14.9
Armour         | 4 5 6 7 8 9 11 12 13 14 | 14.9

Action                   |  1- 3 |  4- 6 |  7- 9 | 10-12 | 13-15 | 16-18 || total
-------------------------+-------+-------+-------+-------+-------+-------++-------
Melee: War axe           |    94 |   164 |   306 |   297 |   826 |   286 ||  1973
       Broad axe         |       |       |       |   195 |       |       ||   195
       Hand axe          |       |       |       |    67 |    85 |       ||   152
Invok: Berserk           |       |       |     2 |     8 |     6 |     3 ||    19
       Trog's Hand       |       |       |       |       |     2 |       ||     2
Evoke: Wand              |       |       |     4 |     8 |     4 |       ||    16
  Use: Scroll            |       |     5 |     4 |     6 |     8 |     2 ||    25
       Potion            |       |     1 |     2 |     4 |     1 |       ||     8
Armor: Scale mail        |    63 |    69 |       |       |       |       ||   132
       Plate armour      |       |    15 |   358 |   515 |   778 |   216 ||  1882
Dodge: Dodged            |    67 |    84 |   138 |   181 |   250 |   103 ||   823
Block: Buckler           |    30 |    41 |    99 |   156 |   261 |   112 ||   699
       Reflection        |       |       |       |       |       |     1 ||     1
